 Dungeon Crawl Stone Soup version 0.19.1-1-g22dce08 (webtiles) character file.

1787 esteth the Destroyer (level 8, -5/41 HPs)
             Began as a Deep Elf Air Elementalist on Jan 8, 2017.
             Was a Follower of Vehumet.
             Slain by a yak (11 damage)
             ... on level 1 of the Lair of Beasts.
             The game lasted 00:27:48 (8515 turns).

esteth the Destroyer (Deep Elf Air Elementalist)    Turns: 8515, Time: 00:27:49

Health: -5/41      AC:  3    Str:  5    XL:     8   Next: 82%
Magic:  9/20       EV: 15    Int: 28    God:    Vehumet [*.....]
Gold:   260        SH:  0    Dex: 15    Spells: 5 memorised, 6 levels left

rFire  . . .     SeeInvis .     (no weapon)
rCold  + . .     Gourm    .     m - +0 robe {rC+}
rNeg   . . .     Faith    .     (no shield)
rPois  .         Spirit   .     (no helmet)
rElec  .         Reflect  .     f - +0 cloak
rCorr  .         Harm     .     (no gloves)
MR     .....                    (no boots)
Stlth  ++........               (no amulet)
                                n - +5 ring of intelligence
                                h - ring of wizardry

@: no status effects
A: no striking features
a: Renounce Religion


You were on level 1 of the Lair of Beasts.
You worshipped Vehumet.
Vehumet was aware of your devotion.
You were not hungry.

You visited 3 branches of the dungeon, and saw 10 of its levels.

You collected 260 gold pieces.

Inventory:

Armour
 a - a +1 robe
 f - a +0 cloak (worn)
 m - a +0 robe of cold resistance (worn)
Jewellery
 g - an uncursed ring of resist corrosion
 h - a ring of wizardry (left hand)
 n - a +5 ring of intelligence (right hand)
 o - an uncursed ring of see invisible
 y - an uncursed ring of stealth {unknown}
 z - an uncursed ring of poison resistance {unknown}
Wands
 v - a wand of iceblast (4/15)
Scrolls
 u - 2 scrolls of enchant weapon
 D - a scroll of remove curse
 E - a scroll of random uselessness {unknown}
Potions
 e - 5 potions of flight
 i - 3 potions of heal wounds {unknown}
 j - 3 potions of berserk rage {unknown}
 k - 3 potions of mutation {unknown}
 l - a potion of haste {unknown}
 p - a potion of ambrosia {unknown}
 q - a potion of cure mutation {unknown}
 r - 2 potions of resistance {unknown}
 t - a potion of magic {unknown}
 A - a potion of curing
Books
 b - a book of Air

   Spells                             Type                      Level
   a - Shock                          Conjuration/Air              1
   b - Swiftness                      Charms/Air                   2
   c - Repel Missiles                 Charms/Air                   2
   d - Static Discharge               Conjuration/Air              3
   e - Lightning Bolt                 Conjuration/Air              5
 x - a book of Conjurations

   Spells                             Type                      Level
   a - Magic Dart                     Conjuration                  1
   b - Searing Ray                    Conjuration                  2
   c - Dazzling Spray                 Conjuration/Hexes            3
   d - Fulminant Prism                Conjuration/Hexes            4
   e - Iskenderun's Mystic Blast      Conjuration                  4
   f - Iskenderun's Battlesphere      Conjuration/Charms           5
 B - a book of Maledictions

   Spells                             Type                      Level
   a - Corona                         Hexes                        1
   b - Ensorcelled Hibernation        Hexes/Ice                    2
   c - Confuse                        Hexes                        3
   d - Tukima's Dance                 Hexes                        3
   e - Dazzling Spray                 Conjuration/Hexes            3
Comestibles
 c - 2 bread rations {@e1}
 d - 5 fruits
 s - 2 beef jerkies
 w - a chunk of flesh {@w0}
 C - a meat ration {@e2}


   Skills:
 - Level 5.1 Dodging
 - Level 2.4 Stealth
 + Level 6.6 Spellcasting
 + Level 8.8 Conjurations
 - Level 6.2 Air Magic


You had 6 spell levels left.
You knew the following spells:

 Your Spells              Type           Power        Failure   Level  Hunger
a - Shock                 Conj/Air       ####         1%          1    None
b - Swiftness             Chrm/Air       ####....     1%          2    None
c - Lightning Bolt        Conj/Air       ######....   4%          5    #####..
d - Iskenderun's Battles  Conj/Chrm      ####....     12%         5    #####..
e - Magic Dart            Conj           ####         1%          1    None


Dungeon Overview and Level Annotations

Branches:
Dungeon (8/15)             Temple (1/1) D:4            Lair (1/6) D:8

Altars:
Ashenzari
Cheibriados
Elyvilon
Fedhas
Gozag
Hepliaklqana
Kikubaaqudgha
Makhleb
Nemelex Xobeh
Okawaru
Qazlal
Ru
Sif Muna
Trog
Uskayaw
Vehumet
Xom
Yredelemnul
Zin
The Shining One

Shops:
D:5 !

Annotations:
D:3 Sigmund
D:6 Grinder
D:7 exclusions: sky beast and 1 more exclusion


Message History

Confirm with . or Enter, or press ? or * to list all spells.
Aiming: Shock
Press: ? - help, Shift-Dir - straight line, f/p - yak
Aim: a yak (heavily wounded)
The zap misses the yak.
The zap hits the yak.
The yak is lightly wounded.
The yak gores you!
Casting: Shock
Confirm with . or Enter, or press ? or * to list all spells.
Aiming: Shock
Press: ? - help, Shift-Dir - straight line, f/p - yak
Aim: a yak (heavily wounded)
The zap hits the yak.
The yak appears unharmed.
The yak is heavily wounded.
The yak gores you!
* * * LOW HITPOINT WARNING * * *
The yak barely misses you.
There is an open door here.
The yak gores you!
You die...

#........#...≈≈§≈≈#
#...........§.§....
#######..P..§≈§≈§≈#
............##≈§≈###
.............## #.##
..............###...##
.....................##.
.................Y......
.
.#.###.###....##@###P##
... #. ...
#....##Y######....# ..
......##....†'.....#
.......##.Y...##...##
..#....#P.....# ..#
..#....#......# #
##.....+ #.....# ##+####


You could see 3 yaks.

Vanquished Creatures
  A hippogriff (D:7)
  A yak (Lair:1)
  2 phantoms (D:4)
  An ogre (D:4)
  A bullfrog (D:8)
  A scorpion (D:7)
  A howler monkey (D:4)
  2 crimson imps (D:7)
  A quasit (D:7)
  4 hounds
  2 orc priests
  A bullfrog skeleton (D:7)
  2 centaur skeletons
  An iguana (D:8)
  Ijyb (D:2)
  Terence (D:3)
  7 orc wizards
  8 worker ants
  A worker ant zombie (D:8)
  Robin (D:2)
  A howler monkey skeleton (D:6)
  5 adders
  A shadow imp (D:5)
  3 oozes
  An adder zombie (D:1)
  An adder skeleton (D:7)
  2 worms
  3 dart slugs
  5 leopard geckos
  23 orcs
  A bat zombie (D:1)
  5 giant cockroaches
  8 hobgoblins
  11 jackals
  12 kobolds
  4 quokkas
  A ball python (D:3)
  11 bats
  6 frilled lizards
  14 goblins
  A leopard gecko skeleton (D:4)
  4 rats (D:2)
163 creatures vanquished.

Notes
Turn   | Place    | Note
-------+----------+-------------------------------------------
     0 | D:1      | esteth the Deep Elf Air Elementalist began the quest for the Orb.
     0 | D:1      | Reached XP level 1. HP: 10/10 MP: 6/6
   248 | D:1      | Reached skill level 2 in Conjurations
   259 | D:1      | Reached XP level 2. HP: 10/15 MP: 5/8
   885 | D:1      | Learned a level 2 spell: Swiftness
   909 | D:1      | Reached XP level 3. HP: 19/19 MP: 5/9
   959 | D:1      | Reached skill level 3 in Conjurations
  1390 | D:1      | Found a glowing golden altar of the Shining One.
  1527 | D:2      | Noticed Ijyb
  1575 | D:2      | Killed Ijyb
  1575 | D:2      | Reached XP level 4. HP: 23/24 MP: 0/10
  1908 | D:2      | Reached skill level 4 in Conjurations
  2238 | D:2      | Noticed Robin
  2244 | D:2      | Killed Robin
  2631 | D:3      | Reached XP level 5. HP: 28/28 MP: 7/11
  2637 | D:3      | Reached skill level 5 in Conjurations
  2872 | D:3      | Found an iron altar of Okawaru.
  3203 | D:3      | Found a shattered altar of Ashenzari.
  3215 | D:3      | Noticed Terence
  3223 | D:3      | Killed Terence
  3434 | D:3      | Noticed Sigmund
  3632 | D:4      | Reached XP level 6. HP: 23/32 MP: 8/12
  3775 | D:4      | Reached skill level 6 in Conjurations
  4346 | D:4      | Reached skill level 7 in Conjurations
  4346 | D:4      | Reached XP level 7. HP: 33/36 MP: 3/13
  4429 | D:4      | Learned a level 5 spell: Lightning Bolt
  4509 | D:4      | Found a staircase to the Ecumenical Temple.
  4514 | Temple   | Entered the Ecumenical Temple
  4524 | Temple   | Became a worshipper of Vehumet
  4546 | D:5      | Entered Level 5 of the Dungeon
  4910 | D:4      | Reached skill level 5 in Air Magic
  5519 | D:5      | Found Borik's Distillery.
  6359 | D:6      | Reached skill level 5 in Dodging
  6473 | D:6      | Reached XP level 8. HP: 28/41 MP: 1/14
  6580 | D:6      | Reached * piety under Vehumet
  6580 | D:6      | Offered knowledge of Sandblast by Vehumet.
  6586 | D:6      | Noticed Grinder
  6986 | D:7      | Noticed a hippogriff
  7535 | D:7      | Learned a level 5 spell: Iskenderun's Battlesphere
  7537 | D:7      | Learned a level 1 spell: Magic Dart
  7574 | D:7      | Killed a hippogriff
  7574 | D:7      | Reached skill level 5 in Spellcasting
  7574 | D:7      | Reached skill level 8 in Conjurations
  7658 | D:8      | Found a staircase to the Lair.
  7755 | D:8      | Found a bloodstained altar of Trog.
  8466 | Lair:1   | Entered Level 1 of the Lair of Beasts
  8515 | Lair:1   | Slain by a yak

Skill      XL: |  1  2  3  4  5  6  7  8 |
---------------+-------------------------+-----
Conjurations   | 2 3 4 5 7 8 |  8.8
Air Magic      | 4 6 |  6.2
Dodging        | 5 |  5.1
Spellcasting   | 6 |  6.6
Stealth        | |  2.4

Action                   |  1- 3 |  4- 6 |  7- 9 || total
-------------------------+-------+-------+-------++-------
Melee: Unarmed           |    10 |       |     3 ||    13
 Cast: Shock             |    76 |   176 |   216 ||   468
       Lightning Bolt    |       |       |     1 ||     1
       Iskenderun's Batt |       |       |     4 ||     4
       Magic Dart        |       |       |     1 ||     1
       Swiftness         |       |       |     1 ||     1
  Use: Scroll            |     4 |     6 |     2 ||    12
       Potion            |       |       |     1 ||     1
  Eat: Chunk             |     1 |     6 |    13 ||    20
       Bread ration      |       |     1 |       ||     1
Armor: Robe              |     6 |     8 |     9 ||    23
Dodge: Dodged            |    31 |    36 |    55 ||   122
